 Dungeon Crawl Stone Soup version 0.17-a0-1545-gc1bb672 (webtiles) character file.

203 Eldritch the Grave Robber (level 5, -2/36 HPs)
             Began as a Demonspawn Necromancer on July 18, 2015.
             Was a Priest of Lugonu.
             Slain by Grinder (4 damage)
             ... while paralysed by Grinder
             ... on level 5 of the Dungeon.
             The game lasted 00:25:20 (2540 turns).

Eldritch the Grave Robber (Demonspawn Necromancer)  Turns: 2540, Time: 00:25:20

Health: -2/36      AC:  7    Str:  8    XL:     5   Next: 51%
Magic:  2/9        EV:  2    Int: 17    God:    Lugonu [***...]
Gold:   147        SH:  0    Dex: 14    Spells: 2 memorised, 8 levels left

rFire  . . .     SeeInvis .     g - +3 whip
rCold  . . .     Clarity  .     f - +0 ring mail
rNeg   . . .     SustAt   .     (no shield)
rPois  .         Gourm    .     (no helmet)
rElec  .         Spirit   .     (no cloak)
rCorr  .         Warding  .     (no gloves)
rMut   .         Stasis   .     (no boots)
MR     .....                    (no amulet)
Stlth  +.........               (no ring)
                                l - +2 ring of evasion

@: paralysed, not resistant to hostile enchantments, very unstealthy
A: slimy green scales 1, powered by death 2
a: Depart the Abyss, Bend Space, Banish, Renounce Religion


You were on level 5 of the Dungeon.
You worshipped Lugonu.
Lugonu was most pleased with you.
You were not hungry.

You visited 2 branches of the dungeon, and saw 6 of its levels.

You collected 147 gold pieces.

Inventory:

Hand weapons
 g - a +3 whip (weapon)
Missiles
 d - 23 arrows
 e - 17 stones (quivered)
 k - 14 poisoned needles
Armour
 a - a +0 robe
 f - a +0 ring mail (worn)
 j - a cursed -2 pair of gloves
Jewellery
 l - a +2 ring of evasion (left hand)
 x - an uncursed ring of fire {unknown}
Magical devices
 q - a wand of frost (23)
 t - a wand of random effects (17)
Scrolls
 p - a scroll of remove curse {unknown}
 r - 2 scrolls of blinking
 s - a scroll of recharging {unknown}
 u - a scroll of random uselessness
Potions
 n - a potion of poison {unknown}
 w - a potion of haste {unknown}
Books
 b - a book of Necromancy

   Spells                             Type                      Level
   a - Pain                           Necromancy                   1
   b - Animate Skeleton               Necromancy                   1
   c - Vampiric Draining              Necromancy                   3
   d - Regeneration                   Charms/Necromancy            3
   e - Animate Dead                   Necromancy                   4
   f - Control Undead                 Necromancy                   4
Comestibles
 c - a bread ration
 h - a royal jelly
 m - a beef jerky
 o - a meat ration


   Skills:
 + Level 0.4 Fighting
 * Level 1.1 Maces & Flails
 + Level 1.2 Armour
 * Level 2.6 Dodging
 - Level 1.9 Stealth
 * Level 3.0 Spellcasting
 * Level 5.7 Necromancy


You had 8 spell levels left.
You knew the following spells:

 Your Spells              Type           Power        Failure   Level  Hunger
a - Pain                  Necr           ###.         8%          1    None
b - Animate Skeleton      Necr           N/A          8%          1    None


Dungeon Overview and Level Annotations

Branches:
Dungeon (5/15)             Temple (1/1) D:4

Altars:
Ashenzari
Cheibriados
Dithmenos
Elyvilon
Gozag
Kikubaaqudgha
Makhleb
Nemelex Xobeh
Okawaru
Qazlal
Ru
Sif Muna
Trog
Vehumet
Zin
The Shining One
Lugonu

Annotations:
D:5 Grinder


Innate Abilities, Weirdness & Mutations

You are partially covered in slimy green scales (AC +2).
You regenerate health from kills.


Message History

* * * LOW HITPOINT WARNING * * *
The hobgoblin hits you.
* * * LOW HITPOINT WARNING * * *
Drink which item? (? for menu, Esc to quit)
Okay, then.
Read which item? (? for menu, Esc to quit)
As you read the scroll of fear, it crumbles to dust.
You assume a fearsome visage.
Grinder is unaffected.
The hobgoblin looks frightened!
The ice beast looks frightened!
Grinder hits you but does no damage. Grinder gestures at you.
You suddenly lose the ability to move!
Grinder gestures at you.
You barely resist. Grinder hits you.
* * * LOW HITPOINT WARNING * * *
You writhe in agony. x2
All of the chunks of flesh in your inventory have rotted away.
Grinder hits you.
You die...

####.#..#
#.#.Y#
#.#..#
#.#..#
#..#######
#.........
#..#######
#..# #@.#
#5(# #..#
...# .#.##
#.#.# #
#.# #.#


You could see Grinder and an ice beast (fleeing).

Vanquished Creatures
  A scorpion (D:4)
  2 hounds (D:4)
  3 adders
  An ooze (D:4)
  A giant gecko (D:1)
  4 orcs (D:4)
  A bat skeleton (D:3)
  5 giant cockroaches
  4 goblins
  4 hobgoblins
  2 kobolds
  A ball python (D:1)
  5 bats
  A quokka (D:3)
  5 rats
40 creatures vanquished.

Vanquished Creatures (collateral kills)
  A worker ant (D:4)
  A worm (D:3)
  2 goblins (D:3)
  A rat (D:3)
5 creatures vanquished.

Grand Total: 45 creatures vanquished

Notes
Turn   | Place    | Note
--------------------------------------------------------------
     0 | D:1      | Eldritch the Demonspawn Necromancer began the quest for the Orb.
     0 | D:1      | Reached XP level 1. HP: 13/13 MP: 3/3
   295 | D:1      | Gained mutation: You are partially covered in slimy green scales (AC +2). [demonic ancestry]
   295 | D:1      | Reached XP level 2. HP: 19/19 MP: 5/5
   481 | D:2      | Found a faded altar to an unknown god.
   499 | D:2      | Became a worshipper of Lugonu the Unformed
   499 | D:2      | Acquired Lugonu's first power
   499 | D:2      | Acquired Lugonu's second power
   720 | D:3      | Gained mutation: You regenerate a little health from kills. [demonic ancestry]
   720 | D:3      | Reached XP level 3. HP: 7/24 MP: 4/6
   785 | D:3      | Learned a level 1 spell: Animate Skeleton
   930 | D:3      | Reached skill level 5 in Necromancy
  1273 | D:4      | Found a staircase to the Ecumenical Temple.
  1293 | Temple   | Entered the Ecumenical Temple
  1897 | D:4      | Reached XP level 4. HP: 15/30 MP: 1/7
  2048 | D:4      | Noticed a scorpion
  2065 | D:4      | Killed a scorpion
  2065 | D:4      | Reached skill level 1 in Maces & Flails
  2065 | D:4      | Reached skill level 1 in Armour
  2065 | D:4      | Gained mutation: You regenerate health from kills. [demonic ancestry]
  2065 | D:4      | Reached XP level 5. HP: 24/35 MP: 0/9
  2105 | D:4      | Acquired Lugonu's third power
  2509 | D:4      | Noticed an ogre
  2509 | D:5      | Entered Level 5 of the Dungeon
  2521 | D:5      | Noticed an ice beast
  2533 | D:5      | Noticed Grinder
  2537 | D:5      | Paralysed by Grinder for 6 turns
  2540 | D:5      | Slain by Grinder

Vault maps used:
D:1:      onia_arrival_pyramid
D:2:      ecumenical_altar_2, serial_glass, glass_columns_a, glass_columns_a,
          minmay_misc_feat_tower, grunt_ministairs_3
D:3:      hangedman_decor_opposing
D:4:      minmay_temple_entry_crystal_x, first_bread
D:5:      uniq_grinder
Temple:   nicolae_temple_elliptical

Action                   |  1- 3 |  4- 6 || total
-------------------------+-------+-------++-------
Melee: Whip              |    78 |    26 ||   104
Throw: Stone             |     2 |     4 ||     6
 Cast: Pain              |    37 |    24 ||    61
       Animate Skeleton  |     3 |     3 ||     6
Invok: Bend Space        |     2 |     4 ||     6
  Use: Scroll            |     1 |     8 ||     9
       Potion            |       |     1 ||     1
 Stab: Sleeping          |     1 |       ||     1
  Eat: Bread ration      |     1 |     1 ||     2
